 Dungeon Crawl Stone Soup version 0.30-a0-1114-gd936c97349 (webtiles) character file.

Game seed: 10754545438035669676

95 Anamonty the Stinger (level 4, 0/27 HPs)
             Began as an Octopode Venom Mage on Apr 21, 2023.
             Succumbed to an adder's poison
             ... on level 3 of the Dungeon.
             The game lasted 00:03:14 (2367 turns).

Anamonty the Stinger (Octopode Venom Mage)          Turns: 2367, Time: 00:03:15

Health: 0/27       AC:  1    Str:  8 (9)  XL:     4   Next: 66%
Magic:  4/8        EV: 13    Int: 14 (17) God:
Gold:   124        SH:  0    Dex:  9 (10) Spells: 3/8 levels left

rFire   . . .      SeeInvis .    l - +0 falchion
rCold   . . .      Faith    .    (no shield)
rNeg    . . .      Spirit   .    (helmet restricted)
rPois   .          Reflect  .    (no amulet)
rElec   .          Rampage  .    (no ring)
rCorr   .                        (no ring)
Will    .....                    (no ring)
Stlth   +++                      (no ring)
HPRegen 0.24/turn                (no ring)
MPRegen 0.11/turn                (no ring)
                                 (no ring)
                                 (no ring)

@: mighty, lethally poisoned (0 -> -6)
A: almost no armour, amphibious, 8 rings, camouflage 1, gelatinous body 1,
(nimble swimmer 1), tentacles, clumsy 1
a: no special abilities


You were on level 3 of the Dungeon.
You visited 1 branch of the dungeon, and saw 3 of its levels.

You collected 124 gold pieces.

Inventory:

Hand Weapons
 l - a +0 falchion (weapon)
Missiles
 e - 3 curare-tipped darts (quivered)
Jewellery
 c - an amulet of regeneration
 d - an amulet of magic regeneration
Scrolls
 b - a scroll of teleportation
 g - 3 scrolls of enchant armour {unknown}
 h - a scroll of vulnerability {unknown}
 j - a scroll of noise {unknown}
 k - a scroll of identify {unknown}
 m - 2 scrolls of enchant weapon {unknown}
 o - a scroll of fog {unknown}
 q - a scroll of poison {unknown}
Potions
 a - a potion of magic
 i - a potion of degeneration
 p - a potion of lignification {unknown}
 r - a potion of cancellation {unknown}
 s - a potion of flight {unknown}


   Skills:
 + Level 2.8 Dodging
 - Level 2.6 Stealth
 + Level 2.7 Spellcasting
 - Level 1.0 Transmutations
 * Level 5.2 Poison Magic


You had 3 spell levels left.
You knew the following spells:

 Your Spells              Type           Power      Damage    Failure   Level
a - Sting                 Tmut/Pois      40%        1d5       6%          1
b - Olgreb's Toxic Radia  Pois           16%        N/A       26%         4

Your spell library contained the following spells:

 Spells                   Type           Power      Damage    Failure   Level
 Poisonous Vapours        Pois/Air       18%        N/A       12%         2
 Kiss of Death            Conj/Necr      4%         2d5       22%         1
 Mephitic Cloud           Conj/Pois/Air  6%         N/A       32%         3
 Confusing Touch          Hex            1%         N/A       54%         3
 Frozen Ramparts          Ice            2%         1d1       54%         3
 Ice Form                 Ice/Tmut       3%         N/A       87%         4
 Dispel Undead            Necr           1%         3d6       91%         4
 Summon Ice Beast         Ice/Summ       1%         N/A       91%         4


Dungeon Overview and Level Annotations

Branches:
Dungeon (3/15)

Altars:

Annotations:
D:2 1 runed translucent door, Crazy Yiuf, Sigmund


Innate Abilities, Weirdness & Mutations

You cannot wear most types of armour.
You are amphibious.
You can wear up to eight rings at the same time.
Your skin changes colour to match your surroundings (Stealth+).
Your rubbery body absorbs attacks. (AC +1, EV +1)
((You are camouflaged when in or above water. (Stealth+)))
You have tentacles for arms and can constrict up to eight enemies at once.
You are clumsy. (Dex -2)


Message History

The sting hits the adder but does no damage.
The adder is poisoned.
The adder is moderately wounded.
You feel sick. The adder misses you.
You feel sick. The adder bites you.
You are more poisoned.
The adder poisons you!
Casting: Sting (safe; 4% risk of failure)
Confirm with . or Enter, or press ? or * to list all spells.
Aiming: Sting (safe; 4% risk of failure)
Press: ? - help, Shift-Dir - straight line, f/p - adder
Aim: an adder (heavily wounded, poisoned, 53% to hit)
The sting hits the adder.
The adder looks even sicker.
The adder is almost dead.
You feel sick. The adder bites you.
* * * LOW HITPOINT WARNING * * *
You are more poisoned.
The adder poisons you!
Casting: Sting (safe; 4% risk of failure)
Confirm with . or Enter, or press ? or * to list all spells.
Aiming: Sting (safe; 4% risk of failure)
Press: ? - help, Shift-Dir - straight line, f/p - adder
Aim: an adder (almost dead, very poisoned, 53% to hit)
The sting misses the adder.
* * * LOW HITPOINT WARNING * * *
You feel very sick.
You kill the adder!
It was a potion of degeneration.
There was something very wrong with that liquid.
You feel weakened.
You feel dopey.
You feel clumsy.
* * * LOW HITPOINT WARNING * * *
You feel sick.
It was a potion of mutation.
You feel extremely strange.
You feel clumsy.
* * * LOW HITPOINT WARNING * * *
You feel sick.
Okay, then.
It was a potion of might.
You feel very mighty all of a sudden.
You die...

.> ##.# # #
..!. .#.#
..# .#.#
#.##...#
#......#
#......#
#.†....#
#@######
#.# #.#
##'#####
#......####
#.........#
#.........#
##........#
+#
#....#####


There were no monsters in sight!

Vanquished Creatures
  Robin (D:2)
  An adder (D:3)
  2 worms (D:2)
  2 dart slugs (D:1)
  9 bats
  6 endoplasms
  2 giant cockroaches
  12 goblins
  7 hobgoblins
  3 quokkas
  4 ball pythons
  5 frilled lizards
  3 kobolds
  2 rats (D:1)
59 creatures vanquished.

Notes
Turn   | Place    | Note
-------+----------+-------------------------------------------
     0 | D:1      | Anamonty the Octopode Venom Mage began the quest for the
                  | Orb.
     0 | D:1      | Reached XP level 1. HP: 11/11 MP: 3/3
   194 | D:1      | Found a faded altar of an unknown god.
   242 | D:1      | Reached skill level 4 in Poison Magic
   242 | D:1      | Reached XP level 2. HP: 12/17 MP: 5/5
   720 | D:1      | Reached XP level 3. HP: 21/21 MP: 4/6
  1080 | D:2      | Noticed Robin
  1102 | D:2      | Killed Robin
  1313 | D:2      | Reached XP level 4. HP: 22/27 MP: 7/7
  1318 | D:2      | Learned a level 4 spell: Olgreb's Toxic Radiance
  1567 | D:2      | Reached skill level 5 in Poison Magic
  1772 | D:2      | Noticed Sigmund
  2005 | D:2      | Found a runed translucent door.
  2006 | D:2      | Noticed Crazy Yiuf
  2366 | D:3      | Gained mutation: You are clumsy. (Dex -2) [potion of
                  | mutation]
  2366 | D:3      | HP: 1/27 [poisoned by an adder]
  2367 | D:3      | Succumbed to an adder's poison

Illustrated notes

Levels and vault maps discovered:
D:1:      dpeg_arrival_boxes_within_box, layout_basic,
          hellmonk_ecumenical_altar_inner_sanctum,
          nicolae_kite_square_tiling_tiny
D:2:      layout_basic, minmay_pentomino_x4, uniq_robin, uniq_sigmund,
          uniq_crazy_yiuf_cottage
D:3:      layout_basic, uniq_jessica, uniq_ijyb

Skill      XL: |  1  2  3  4 |
---------------+-------------+-----
Poison Magic   | 4 5 |  5.2
Dodging        | |  2.8
Stealth        | |  2.6
Spellcasting   | |  2.7
Transmutations | |  1.0

Action                     |  1- 3 |  4- 6 || total
---------------------------+-------+-------++-------
  Melee: Unarmed           |    43 |       ||    43
         Constrict         |    18 |    11 ||    29
         Punch             |     2 |       ||     2
         Tentacles         |     9 |     6 ||    15
         Falchion          |    15 |    46 ||    61
   Cast: Sting             |    24 |    10 ||    34
         Olgreb's Toxic Ra |       |     1 ||     1
    Use: Potion            |       |     3 ||     3
         Scroll            |       |     1 ||     1
   Stab: Sleeping          |     4 |     5 ||     9
 Armour: Skin              |     6 |     3 ||     9
  Dodge: Dodged            |    33 |    41 ||    74

Table legend: (Time is in decaauts)
 A = Elapsed time spent in this place.
 B = Non-inter-level travel time spent in this place.
 C = Inter-level travel time spent in this place.
 D = Time resting spent in this place.
 E = Time spent auto-exploring this place.
 F = Levels seen in this place.
 G = Mean time per level.
                   A        B        C        D        E       F      G
               +--------+--------+--------+--------+--------+-----+--------+
         Total |   2385 |   2370 |     15 |      0 |   1860 |   3 |  795.0 |
       Dungeon |   2385 |   2370 |     15 |      0 |   1860 |   3 |  795.0 |
               +--------+--------+--------+--------+--------+-----+--------+

Top non-repeatable levels by time:
     D:1: 1161 daAuts
     D:2: 1033 daAuts
     D:3: 190 daAuts
